 Dungeon Crawl Stone Soup version 0.25.0-11-g1f837a76a1 (webtiles) character file.

Game seed: 9263661754819789637

184 Esekla the Chopper (level 5, 0/49 HPs)
             Began as a Deep Dwarf Chaos Knight on June 25, 2020.
             Was a Plaything of Xom.
             Slain by an ogre
             ... wielding a +0 giant spiked club
              (22 damage)
             ... on level 4 of the Dungeon.
             The game lasted 00:09:23 (1091 turns).

Esekla the Chopper (Deep Dwarf Chaos Knight)        Turns: 1091, Time: 00:09:24

Health: 0/49       AC:  5    Str: 17    XL:     5   Next: 36%
Magic:  5/5        EV: 12    Int: 12    God:    Xom [.*....]
Gold:   32         SH:  0    Dex: 12    Spells: 6/6 levels left

rFire    . . .     SeeInvis .   v - +1 short sword (venom)
rCold    . . .     Gourm    .   (no shield)
rNeg     + . .     Faith    .   b - +2 leather armour
rPois    .         Spirit   .   (no helmet)
rElec    .         Reflect  .   (no cloak)
rCorr    .         Harm     .   (no gloves)
MR       .....                  (no boots)
Stlth    +.........             (no amulet)
HPRegen  0.00/turn              q - ring of positive energy
MPRegen  0.09/turn              (no ring)

@: non-regenerating
A: damage resistance, heal wounds, sense surroundings 1, no regeneration
a: Heal Wounds, Renounce Religion


You were on level 4 of the Dungeon.
You worshipped Xom.
You were a plaything of Xom.
You were not hungry.

You visited 1 branch of the dungeon, and saw 4 of its levels.

You collected 32 gold pieces.

Inventory:

Hand Weapons
 a - a +0 hand axe of chaos
 m - a +0 falchion
 s - a +0 war axe
 t - a +0 spear
 v - a +1 short sword of venom (weapon)
Missiles
 n - 3 boomerangs (quivered)
Armour
 b - a +2 leather armour (worn)
Jewellery
 p - an uncursed ring of fire
 q - a ring of positive energy (left hand)
Scrolls
 d - a scroll of enchant armour {unknown}
 g - 4 scrolls of amnesia {unknown}
 j - 3 scrolls of identify {unknown}
 k - a scroll of teleportation {unknown}
 l - a scroll of remove curse {unknown}
 o - a scroll of fog {unknown}
 r - a scroll of magic mapping {unknown}
Potions
 e - a potion of degeneration {unknown}
 f - a potion of haste {unknown}
 i - 2 potions of might {unknown}
Comestibles
 c - 4 rations
 u - 2 chunks of flesh


   Skills:
 + Level 3.1 Fighting
 * Level 5.4 Axes
 * Level 2.9 Armour
 * Level 2.2 Dodging
 + Level 0.2 Stealth
 * Level 1.0 Spellcasting


You had 6 spell levels left.
You didn't know any spells.
Your spell library was empty.

Dungeon Overview and Level Annotations

Branches:
Dungeon (4/15)
 Temple: D:4-7

Altars:
Fedhas
Ru


Innate Abilities, Weirdness & Mutations

You are resistant to damage.
You can heal yourself by infusing magical energy.
You passively map a small area around you.
You do not regenerate.


Message History

The adder poisons you!
You hit the adder.
You kill the adder!
Your Spellcasting skill increases to level 1!
You see here an adder corpse.
You are no longer poisoned.
Found 19 gold pieces.
Your +1 short sword of venom stops dripping with poison.
Your +0 hand axe of chaos is briefly surrounded by a scintillating aura of random colours.
a - a +0 hand axe of chaos (weapon)
An ogre comes into view. It is wielding a +0 giant spiked club.
The ogre shouts!
Your +1 short sword of venom begins to drip with poison!
v - a +1 short sword of venom (weapon)
You hit the ogre.
The ogre is poisoned.
The ogre is lightly wounded.
You are now a plaything of Xom.
The ogre hits you with a +0 giant spiked club!!
You die...
Xom cackles wildly!

### ..# ####### #.#
#.....######## , * #.#
#.###.#....... ..### #.#
#.#.....†...#.
......#O###.#.#.#.......
,.......@..............#.
,
........####.....#...##.
*...$....................
,
*.#.####.####.....##..#.#
* .. , ..# #....###..#.#
, # *### #(#.## #..# # ,
#.#.####..#.# *
#.#.#.......#
#<#.#.##.#.##


You could see an ogre (very poisoned).

Vanquished Creatures
  An orc wizard (D:3)
  5 gnolls
  An adder (D:4)
  2 worms (D:2)
  A dart slug (D:1)
  A leopard gecko (D:2)
  5 orcs
  8 giant cockroaches
  5 hobgoblins
  2 jackals (D:2)
  4 kobolds
  3 quokkas (D:2)
  A ball python (D:1)
  7 bats
  6 frilled lizards
  11 goblins
  4 rats
67 creatures vanquished.

Vanquished Creatures (collateral kills)
  A hound (D:3)
1 creature vanquished.

Grand Total: 68 creatures vanquished

Notes
Turn   | Place    | Note
-------+----------+-------------------------------------------
     0 | D:1      | Esekla the Deep Dwarf Chaos Knight began the quest for the
                  | Orb.
     0 | D:1      | Reached XP level 1. HP: 20/20 MP: 1/1
   120 | D:1      | Reached XP level 2. HP: 24/27 MP: 2/2
   124 | D:2      | Found a sacrificial altar of Ru.
   317 | D:1      | Reached XP level 3. HP: 28/33 MP: 3/3
   331 | D:1      | Reached skill level 4 in Axes
   403 | D:2      | XOM: divination: detect items
   416 | D:2      | Found a blossoming altar of Fedhas.
   596 | D:2      | XOM: smoke on damage
   718 | D:2      | Reached XP level 4. HP: 16/42 MP: 4/4
   737 | D:2      | XOM: noise
   765 | D:2      | XOM: silly message
   902 | D:3      | XOM: summons 2 friendly demons
   905 | D:3      | Reached skill level 5 in Axes
   957 | D:3      | Reached XP level 5. HP: 35/49 MP: 5/5
   975 | D:3      | XOM: divination: magic mapping
  1018 | D:4      | Noticed a phantom
  1045 | D:4      | XOM: confuse monster(s)
  1074 | D:4      | Reached skill level 1 in Spellcasting
  1088 | D:4      | Noticed an ogre
  1091 | D:4      | Slain by an ogre

Illustrated notes

Levels and vault maps discovered:
D:1:      lightli_arrival_boilingwater, layout_loops_ring,
          minmay_small_reverse_x
D:2:      minmay_skewed_foursquare, layout_basic,
          chequers_temple_overflow_statue_of_worship, solitary_fountain
D:3:      layout_basic, guppyfry_early_lair_pool
D:4:      layout_loops_ring, minmay_temple_entry_mist

Skill      XL: |  1  2  3  4  5 |
---------------+----------------+-----
Fighting       | 3 |  3.1
Axes           | 4 5 |  5.4
Dodging        | 2 |  2.2
Spellcasting   | 1 |  1.0
Armour         | |  2.9
Stealth        | |  0.2

Action                   |  1- 3 |  4- 6 || total
-------------------------+-------+-------++-------
Melee: Hand axe          |   129 |    67 ||   196
       Short sword       |       |     6 ||     6
 Abil: Heal Wounds       |       |     1 ||     1
 Stab: Paralysed         |     1 |       ||     1
  Eat: Chunk             |       |     1 ||     1
Armor: Leather armour    |    45 |    18 ||    63
Dodge: Dodged            |    98 |    32 ||   130
